 Dungeon Crawl Stone Soup version 0.25.1-1-g288607f5aa (webtiles) character file.

Game seed: 5346452692299549371

807 Ijustatesigmund the Chopper (level 7, -4/49 HPs)
             Began as an Octopode Fighter on July 22, 2020.
             Slain by a sky beast (5 damage)
             ... on level 4 of the Dungeon.
             The game lasted 00:05:58 (4046 turns).

Ijustatesigmund the Chopper (Octopode Fighter)      Turns: 4046, Time: 00:05:59

Health: -4/49      AC:  1    Str: 16    XL:     7   Next: 92%
Magic:  7/7        EV: 13    Int: 10    God:
Gold:   204        SH: 12    Dex: 13    Spells: 6/6 levels left

rFire    . . .     SeeInvis .   a - +1 war axe
rCold    + . .     Gourm    .   b - +3 kite shield
rNeg     . . .     Faith    .   (helmet restricted)
rPois    .         Spirit   .   (no amulet)
rElec    .         Reflect  .   j - ring of protection from cold
rCorr    .         Harm     .   l - ring of teleportation (curse)
MR       .....     Rnd*Tele +   (no ring)
Stlth    ++........             (no ring)
HPRegen  0.16/turn              (no ring)
MPRegen  0.10/turn              (no ring)
                                (no ring)
                                (no ring)

@: mighty
A: almost no armour, stealthy swim, amphibious, 8 rings, constrict 8, camouflage
1, gelatinous body 1
a: no special abilities


You were on level 4 of the Dungeon.
You were hungry.

You visited 1 branch of the dungeon, and saw 5 of its levels.

You collected 204 gold pieces.

Inventory:

Hand Weapons
 a - a +1 war axe (weapon)
Missiles
 q - 5 javelins (quivered)
Armour
 b - a +3 kite shield (worn)
Jewellery
 j - a ring of protection from cold (left tentacle)
 l - a cursed ring of teleportation (right tentacle)
Wands
 e - a wand of paralysis (10)
 n - a wand of acid (9)
Scrolls
 k - a scroll of fog
 p - a scroll of teleportation
Potions
 c - 2 potions of might
 h - a potion of flight {unknown}
 i - a potion of resistance {unknown}
 m - a potion of brilliance {unknown}
 o - a potion of lignification {unknown}
Comestibles
 d - 10 rations


   Skills:
 + Level 4.8 Fighting
 * Level 5.7 Axes
 + Level 4.7 Dodging
 + Level 4.8 Shields


You had 6 spell levels left.
You didn't know any spells.
Your spell library was empty.

Dungeon Overview and Level Annotations

Branches:
Dungeon (5/15)
 Temple: D:4-7

Altars:

Portals:
Abyss: D:3

Annotations:
D:3 2 transporters, Descartes's ghost, amateur FeWn
D:4 Prince Ribbit


Innate Abilities, Weirdness & Mutations

You cannot wear most types of armour.
You are very stealthy in the water. (Stealth+)
You are amphibious.
You can wear up to eight rings at the same time.
You can use your tentacles to constrict eight enemies at once.
Your skin changes colour to match your surroundings (Stealth+).
Your rubbery body absorbs attacks. (AC +1, EV +1)


Message History

You feel better. Something barely misses you. The phantom misses you.
You slash something! You closely miss the phantom.
Prince Ribbit blinks!
Something barely misses you. You block the phantom's attack.
Something hits you.
* * * LOW HITPOINT WARNING * * *
Something shocks you.
* * * LOW HITPOINT WARNING * * *
You feel better. You block the phantom's attack. Something hits you.
* * * LOW HITPOINT WARNING * * *
Something shocks you.
* * * LOW HITPOINT WARNING * * *
Okay, then.
You closely miss something. You hit the phantom.
You block the phantom's attack. Something hits you but does no damage.
Prince Ribbit blinks!
You miss something. Your squeeze misses something. You slash the phantom!
The phantom misses you. Something hits you.
* * * LOW HITPOINT WARNING * * *
Something shocks you.
You die...

######## #########
#......####.......#
#.........#.#####.#
#.####......#####.#######
#.##........##..........#
#.##.#..)...##.##.#####.#
#............(.##W# #.#
#.......###....{@.# #.#
####.#### ######### #.#
#...# #.# #...# #######
#.# #...# #.....# ##)#
###.# #.....# ####..##
#.# #.....# #......# #.#
#.....# #.##.#.# #.#
#.....# #.#....#


You could see a phantom.

Vanquished Creatures
  Grinder (D:3)
  Eustachio (D:4)
  An ogre (D:4)
  3 howler monkeys (D:4)
  A hound (D:4)
  An iguana (D:4)
  A worker ant (D:4)
  4 gnolls
  3 adders
  2 oozes
  2 adder skeletons
  5 worms
  A dart slug (D:1)
  3 leopard geckos
  An orc (D:4)
  2 ball pythons (D:2)
  7 bats
  10 giant cockroaches
  9 goblins
  9 hobgoblins
  2 quokkas
  3 frilled lizards
  12 kobolds
  12 rats
96 creatures vanquished.

Notes
Turn   | Place    | Note
-------+----------+-------------------------------------------
     0 | D:1      | Ijustatesigmund the Octopode Fighter began the quest for
                  | the Orb.
     0 | D:1      | Reached XP level 1. HP: 16/16 MP: 1/1
   122 | D:1      | Reached XP level 2. HP: 16/21 MP: 2/2
   559 | D:1      | Reached XP level 3. HP: 21/26 MP: 3/3
  1584 | D:2      | Reached skill level 3 in Axes
  1646 | D:2      | Reached XP level 4. HP: 31/31 MP: 4/4
  2020 | D:3      | Noticed a toenail golem
  2021 | D:3      | Identified the +9 dagger "Arbiter" {distort, +Fly rC+ rN++
                  | Str-3}
  2026 | D:3      | Noticed a small abomination
  2027 | D:3      | Noticed Descartes's ghost (amateur FeWn)
  2071 | D:3      | Found a transporter.
  2072 | D:3      | Found a one-way gate to the infinite horrors of the Abyss.
  2079 | D:3      | Found a transporter.
  2079 | D:3      | Noticed Grinder
  2086 | D:3      | Paralysed by Grinder for 3 turns
  2092 | D:3      | Paralysed by Grinder for 4 turns
  2096 | D:3      | Killed Grinder
  2096 | D:3      | Reached skill level 4 in Axes
  2096 | D:3      | Reached XP level 5. HP: 23/37 MP: 5/5
  2096 | D:3      | Reached XP level 6. HP: 27/43 MP: 6/6
  3030 | D:4      | Reached XP level 7. HP: 36/48 MP: 7/7
  3196 | D:4      | Reached skill level 5 in Axes
  3430 | D:4      | Noticed Eustachio
  3439 | D:4      | Killed Eustachio
  3917 | D:5      | Entered Level 5 of the Dungeon
  3918 | D:5      | Noticed Prince Ribbit
  4046 | D:4      | HP: 1/49 [something (3)]
  4046 | D:4      | Slain by a sky beast

Illustrated notes

Levels and vault maps discovered:
D:1:      psy_arrival_terrarium, layout_loops_ring, st_stairs_9,
          chequers_serial_rivers_small_a, glass_columns_a
D:2:      layout_basic, first_ration
D:3:      layout_loops_ring, gammafunk_ghost_abyssal_escape, uniq_grinder
D:4:      layout_loops_cross, grunt_ministairs_1, uniq_eustachio
D:5:      layout_basic, uniq_prince_ribbit1

Skill      XL: |  1  2  3  4  5  6  7 |
---------------+----------------------+-----
Axes           | 3 4 5 |  5.7
Fighting       | 4 |  4.8
Dodging        | 4 |  4.7
Shields        | 4 |  4.8

Action                   |  1- 3 |  4- 6 |  7- 9 || total
-------------------------+-------+-------+-------++-------
Melee: War axe           |    73 |    70 |    34 ||   177
       Constrict         |    21 |    21 |     6 ||    48
       Tentacles         |    11 |    11 |     7 ||    29
  Use: Scroll            |     8 |     1 |     1 ||    10
       Potion            |       |     1 |     3 ||     4
 Stab: Sleeping          |     5 |     5 |     1 ||    11
  Eat: Chunk             |     2 |     5 |     2 ||     9
Armor: Skin              |    17 |     2 |     4 ||    23
Dodge: Dodged            |    39 |    25 |    24 ||    88
Block: Kite shield       |    39 |    30 |    33 ||   102
